 Dungeon Crawl Stone Soup version 0.22.0 (webtiles) character file.

837 Morrissey the Ruffian (level 7, -4/67 (68) HPs)
             Began as a Troll Monk on Aug 12, 2018.
             Was a Believer of Makhleb.
             Slain by an orc warrior
             ... wielding a +0 short sword
              (15 damage)
             ... on level 6 of the Dungeon.
             The game lasted 00:08:06 (3997 turns).

Morrissey the Ruffian (Troll Monk)                  Turns: 3997, Time: 00:08:07

HP:   -4/67 (68)    AC:  5    Str: 20    XL:     7   Next: 66%
MP:   8/8           EV: 12    Int:  6    God:    Makhleb [**....]
Gold: 312           SH:  0    Dex: 14    Spells: 6/6 levels left

rFire    . . .     SeeInvis .     - Unarmed
rCold    . . .     Gourm    +   (no shield)
rNeg     . . .     Faith    .   a - +0 robe
rPois    .         Spirit   .   (helmet restricted)
rElec    .         Reflect  .   (no cloak)
rCorr    .         Harm     .   (gloves unavailable)
MR       .....                  (boots unavailable)
Stlth    ++........             (no amulet)
HPRegen  0.61/turn              (no ring)
MPRegen  0.11/turn              (no ring)

@: no status effects
A: large, unfitting armour, claws 3, fast metabolism 3, gourmand, regeneration
1, shaggy fur 1, tough skin 2
a: Minor Destruction, Renounce Religion


You were on level 6 of the Dungeon.
You worshipped Makhleb.
Makhleb was pleased with you.
You were not hungry.

You visited 2 branches of the dungeon, and saw 8 of its levels.

You collected 312 gold pieces.

Inventory:

Armour
 a - a +0 robe (worn)
Wands
 x - a wand of scattershot (1)
Scrolls
 c - a scroll of acquirement {unknown}
 e - 6 scrolls of teleportation {unknown}
 g - 2 scrolls of random uselessness {unknown}
 h - a scroll of fear {unknown}
 i - 5 scrolls of identify {unknown}
 k - a scroll of noise {unknown}
 m - a scroll of enchant weapon {unknown}
 q - a scroll of immolation {unknown}
 r - 2 scrolls of remove curse {unknown}
 u - a scroll of amnesia {unknown}
 w - 2 scrolls of fog {unknown}
Potions
 d - a potion of resistance {unknown}
 f - 3 potions of haste {unknown}
 j - 4 potions of curing {unknown}
 l - a potion of invisibility {unknown}
 n - a potion of experience {unknown}
 o - 2 potions of heal wounds {unknown}
 p - a potion of might {unknown}
 s - 3 potions of magic {unknown}
 t - a potion of flight {unknown}
 v - a potion of mutation {unknown}
Comestibles
 b - 8 rations


   Skills:
 + Level 3.7 Fighting
 - Level 1.3 Throwing
 * Level 4.7 Dodging
 - Level 1.0 Stealth
 * Level 5.7 Unarmed Combat
 * Level 2.8 Invocations


You had 6 spell levels left.
You didn't know any spells.
Your spell library was empty.

Dungeon Overview and Level Annotations

Branches:
Dungeon (7/15)             Temple (1/1) D:4

Altars:
Cheibriados
Gozag
Kikubaaqudgha
Makhleb
Nemelex Xobeh
Qazlal
Ru
Sif Muna
Trog
Xom
Zin
The Shining One

Shops:
D:4 (


Innate Abilities, Weirdness & Mutations

You are too large for most types of armour.
You have claws for hands.
Your metabolism is lightning-fast.
You like to eat raw meat.
Your natural rate of healing is unusually fast.
You are covered in fur. (AC +1)
You have very tough skin. (AC +2)


Message History

The orc warrior is moderately wounded.
The orc warrior hits you with a short sword!
* * * LOW HITPOINT WARNING * * *
Evoke which item? (* to show all) (? for menu, Esc to quit)
Aiming: Scattershot
Press: ? - help, Shift-Dir - straight line, f/p - orc warrior
Aim: an orc warrior, wielding a short sword and wearing a plate armour (moderately wounded)
The burst of metal fragments hits the orc warrior.
The orc warrior is moderately wounded.
The orc warrior hits you with a short sword!
* * * LOW HITPOINT WARNING * * *
You claw the orc warrior!
The orc warrior is severely wounded.
The orc warrior hits you with a short sword.
* * * LOW HITPOINT WARNING * * *
Press: ? - help, Shift-Dir - straight line, f/p - orc warrior
Aim: an orc warrior, wielding a short sword and wearing a plate armour (severely wounded)
The puff of flame misses the orc warrior.
The orc warrior hits you with a short sword!
You die...

# #.##.#...........#......#
#.......#####.......#.#.#
##...#### #####.....#.#
#.### #..####.# ####.######
#..####.#
..##......#########.......#
.....####.##.....##.#######
..##.####.##.....##.#
..##.#.........o@##.#
.......##.##.....##.#
..##.####.##.....##.#####
####......#########..<..#
.....#.####### #####.#
######.# #...######## #.#
#.###...#......# #.# ##
#.#.......####.###.# .#
#..>...............#


You could see an orc warrior.

Vanquished Creatures
  A necrophage (D:6)
  An ogre (D:6)
  A centaur (D:6)
  A scorpion (D:4)
  An oklob sapling (D:4)
  2 crimson imps
  3 hounds (D:4)
  Jessica (D:2)
  An iguana (D:5)
  3 worker ants
  7 adders
  A shadow imp (D:6)
  5 oozes
  3 worms
  3 dart slugs
  4 leopard geckos
  5 orcs
  9 giant cockroaches
  6 hobgoblins
  15 jackals
  2 quokkas
  7 bats
  7 frilled lizards
  8 goblins
  5 kobolds
  2 leopard gecko skeletons (D:5)
  A quokka skeleton (D:2)
  12 rats
  A plant (D:4)
118 creatures vanquished.

Notes
Turn   | Place    | Note
-------+----------+-------------------------------------------
     0 | D:1      | Morrissey the Troll Monk began the quest for the Orb.
     0 | D:1      | Reached XP level 1. HP: 22/22 MP: 0/0
     3 | D:1      | Found a runed door.
    27 | D:1      | Reached XP level 2. HP: 19/29 MP: 1/1
    41 | D:1      | Reached XP level 3. HP: 26/36 MP: 2/2
   459 | D:1      | Reached skill level 1 in Throwing
   685 | D:2      | Reached XP level 4. HP: 39/44 MP: 3/3
   727 | D:2      | Noticed Jessica
   732 | D:2      | Killed Jessica
   732 | D:2      | Reached skill level 4 in Unarmed Combat
   883 | D:2      | Found an ancient bone altar of Kikubaaqudgha.
  1204 | D:2      | Found a deep blue altar of Sif Muna.
  1295 | D:3      | Reached XP level 5. HP: 52/52 MP: 4/4
  1807 | D:3      | Found a shimmering altar of Xom.
  1807 | D:3      | Found a burning altar of Makhleb.
  1819 | D:3      | Became a worshipper of Makhleb the Destroyer
  1819 | D:3      | Reached * piety under Makhleb
  1819 | D:3      | Reached ** piety under Makhleb
  2107 | D:4      | Found Zootsyif's Antique Weapon Boutique.
  2265 | D:4      | Found a glowing silver altar of Zin.
  2285 | D:4      | Found a staircase to the Ecumenical Temple.
  2330 | D:4      | Reached XP level 6. HP: 61/61 MP: 5/5
  2334 | Temple   | Entered the Ecumenical Temple
  2355 | D:4      | Reached skill level 1 in Invocations
  2691 | D:4      | Reached skill level 5 in Unarmed Combat
  2826 | D:5      | Entered Level 5 of the Dungeon
  2973 | D:5      | Found a sparkling altar of Nemelex Xobeh.
  3040 | D:5      | Found an opulent altar of Gozag.
  3069 | D:5      | Reached XP level 7. HP: 66/67 MP: 7/7
  3302 | D:5      | Found a sacrificial altar of Ru.
  3302 | D:5      | Found a bloodstained altar of Trog.
  3302 | D:5      | Found a snail-covered altar of Cheibriados.
  3338 | D:5      | Found a glowing golden altar of the Shining One.
  3997 | D:6      | Slain by an orc warrior

Skill      XL: |  1  2  3  4  5  6  7 |
---------------+----------------------+-----
Throwing       | 1 |  1.3
Dodging        | 3 4 |  4.7
Unarmed Combat | 4 5 |  5.7
Fighting       | 3 |  3.7
Invocations    | 1 2 |  2.8
Stealth        | |  1.0

Action                   |  1- 3 |  4- 6 |  7- 9 || total
-------------------------+-------+-------+-------++-------
Melee: Unarmed           |    95 |   203 |    42 ||   340
       Punch             |     2 |       |       ||     2
Invok: Minor Destruction |       |       |     1 ||     1
Evoke: Wand              |       |       |     3 ||     3
 Stab: Sleeping          |     1 |     3 |     1 ||     5
  Eat: Chunk             |    12 |    22 |     1 ||    35
Armor: Robe              |    44 |    44 |     3 ||    91
Dodge: Dodged            |    64 |    92 |    14 ||   170
